 Dungeon Crawl Stone Soup version 0.22.1-1-ga44c0e5 (webtiles) character file.

893 tifemel the Archer (level 7, -1/61 HPs)
             Began as a Centaur Hunter on Sept 28, 2018.
             Slain by Blork the orc
             ... wielding a +0 glaive
              (3 damage)
             ... on level 5 of the Dungeon.
             The game lasted 00:22:21 (7206 turns).

tifemel the Archer (Centaur Hunter)                 Turns: 7206, Time: 00:22:22

Health: -1/61      AC:  6    Str: 16    XL:     7   Next: 78%
Magic:  7/7        EV:  9    Int: 10    God:
Gold:   269        SH:  0    Dex: 10    Spells: 6/6 levels left

rFire    . . .     SeeInvis .   a - +1 shortbow
rCold    . . .     Gourm    .   (shield currently unavailable)
rNeg     . . .     Faith    .   c - +0 leather armour
rPois    .         Spirit   .   y - +0 helmet
rElec    .         Reflect  .   w - +0 cloak
rCorr    .         Harm     .   (no gloves)
MR       .....                  (no barding)
Stlth    +.........             (no amulet)
HPRegen  0.20/turn              (no ring)
MPRegen  0.10/turn              (no ring)

@: very quick
A: large, hooves 3, deformed body, speed 2, tough skin 3
a: no special abilities


You were on level 5 of the Dungeon.
You were very hungry.

You visited 1 branch of the dungeon, and saw 5 of its levels.

You collected 269 gold pieces.

Inventory:

Hand Weapons
 a - a +1 shortbow (weapon)
Missiles
 d - 73 arrows (quivered)
Armour
 c - a +0 leather armour (worn)
 p - a +2 ring mail of positive energy
 w - a +0 cloak (worn)
 y - a +0 helmet (worn)
Jewellery
 n - a +3 ring of dexterity {unknown}
 q - an uncursed amulet of the acrobat {unknown}
Wands
 v - a wand of iceblast (8)
 B - a wand of random effects (13)
Scrolls
 e - 2 scrolls of enchant weapon {unknown}
 h - a scroll of magic mapping {unknown}
 j - 2 scrolls of amnesia {unknown}
 k - 2 scrolls of teleportation {unknown}
 m - 4 scrolls of identify {unknown}
 r - a scroll of remove curse {unknown}
 t - a scroll of immolation {unknown}
 z - a scroll of blinking {unknown}
 A - a scroll of fog {unknown}
Potions
 b - a potion of lignification
 g - 2 potions of curing
 i - 2 potions of mutation {unknown}
 l - a potion of resistance
 o - a potion of agility {unknown}
 s - 2 potions of haste {unknown}
 u - a potion of cancellation {unknown}
 x - 2 potions of flight {unknown}
 D - a potion of degeneration {unknown}
Comestibles
 f - 6 rations


   Skills:
 + Level 5.4 Fighting
 + Level 8.6 Bows
 - Level 1.3 Dodging
 - Level 0.4 Stealth
 + Level 4.8 Unarmed Combat


You had 6 spell levels left.
You didn't know any spells.
Your spell library was empty.

Dungeon Overview and Level Annotations

Branches:
Dungeon (5/15)
 Temple: D:4-7

Altars:
Elyvilon
Hepliaklqana
Makhleb
Qazlal

Annotations:
D:4 2 transporters
D:5 Blork the orc


Innate Abilities, Weirdness & Mutations

You have hooves in place of feet.
Armour fits poorly on your strangely shaped body.
You cover ground very quickly.
You have extremely tough skin. (AC +3)


Message History

Blork the orc points at you and mumbles some strange words.
The puff of frost hits you!
* * * LOW HITPOINT WARNING * * *
Firing (i - inventory)
d - 76 arrows (quivered)
Press: ? - help, Shift-Dir - straight line, f/p - Blork the orc
Aim: Blork the orc, wielding a glaive and wearing a robe (heavily wounded)
You shoot an arrow. The arrow hits Blork the orc.
Blork the orc is heavily wounded.
Blork the orc hits you but does no damage.
Firing (i - inventory)
d - 75 arrows (quivered)
Press: ? - help, Shift-Dir - straight line, f/p - Blork the orc
Aim: Blork the orc, wielding a glaive and wearing a robe (heavily wounded)
You shoot an arrow. The arrow hits Blork the orc!
Blork the orc is almost dead.
Firing (i - inventory)
d - 74 arrows (quivered)
Press: ? - help, Shift-Dir - straight line, f/p - Blork the orc
Aim: Blork the orc, wielding a glaive and wearing a robe (almost dead)
You shoot an arrow. The arrow barely misses Blork the orc.
Blork the orc hits you from afar with a glaive.
You die...

..#...# ..#...##
##.....# #......##
##.......# ##........##
## ##..........######.
#.@.o....(........#
#..............####.##
#...............# #....
#..............####....
#....#########.# #..<..
#....# ##.###..)).
#...# #.###...... #...
##.# #...)(.
#..###......


You could see Blork the orc.

Vanquished Creatures
  Sigmund (D:4)
  A centaur (D:5)
  An ogre (D:4)
  A scorpion (D:4)
  A crimson imp (D:5)
  An orc priest (D:5)
  A hound (D:3)
  2 bullfrog skeletons
  Natasha (D:4)
  An iguana (D:4)
  An orc wizard (D:5)
  A worker ant (D:4)
  A hound skeleton (D:2)
  Robin (D:4)
  7 gnolls
  6 adders
  2 oozes (D:1)
  4 adder zombies (D:2)
  2 adder skeletons (D:2)
  3 worms
  A dart slug (D:2)
  2 leopard geckos
  6 orcs
  8 bats
  A bat skeleton (D:2)
  12 goblins
  7 hobgoblins
  8 jackals
  3 quokkas
  2 ball pythons
  3 frilled lizards
  4 kobolds
  2 leopard gecko zombies (D:2)
  A quokka zombie (D:2)
  13 rats
112 creatures vanquished.

Vanquished Creatures (others)
  A withered plant (D:2)
1 creature vanquished.

Grand Total: 113 creatures vanquished

Notes
Turn   | Place    | Note
-------+----------+-------------------------------------------
     0 | D:1      | tifemel the Centaur Hunter began the quest for the Orb.
     0 | D:1      | Reached XP level 1. HP: 17/17 MP: 1/1
   280 | D:1      | Reached XP level 2. HP: 11/24 MP: 2/2
   287 | D:1      | Reached skill level 1 in Unarmed Combat
   753 | D:2      | Reached XP level 3. HP: 15/30 MP: 3/3
  1271 | D:1      | Reached skill level 6 in Bows
  1641 | D:1      | Reached XP level 4. HP: 15/37 MP: 4/4
  2964 | D:2      | Found a white marble altar of Elyvilon.
  3078 | D:2      | Reached XP level 5. HP: 45/45 MP: 5/5
  4710 | D:3      | Found a hazy altar of Hepliaklqana.
  5332 | D:4      | Reached skill level 7 in Bows
  5417 | D:4      | Noticed Sigmund
  5430 | D:4      | Found a burning altar of Makhleb.
  5572 | D:4      | Reached XP level 6. HP: 51/52 MP: 6/6
  5636 | D:4      | Found a stormy altar of Qazlal.
  5638 | D:4      | Noticed a green ugly thing
  5638 | D:4      | Noticed a wyvern
  5640 | D:4      | Found a transporter.
  5823 | D:4      | Killed Sigmund
  5892 | D:4      | Noticed Robin
  6263 | D:4      | Killed Robin
  6401 | D:4      | Reached XP level 7. HP: 60/60 MP: 7/7
  6413 | D:4      | Found a transporter.
  6468 | D:4      | Reached skill level 8 in Bows
  6511 | D:4      | Noticed Natasha
  6516 | D:4      | Killed Natasha
  6720 | D:5      | Entered Level 5 of the Dungeon
  6739 | D:4      | Reached skill level 5 in Fighting
  7160 | D:5      | Noticed Blork the orc
  7202 | D:5      | HP: 3/61 [Blork the orc/glaive (1)]
  7203 | D:5      | HP: 1/61 [Blork the orc/puff of frost (2)]
  7206 | D:5      | Slain by Blork the orc

Skill      XL: |  1  2  3  4  5  6  7 |
---------------+----------------------+-----
Unarmed Combat | 1 2 3 4 |  4.8
Bows           | 6 7 8 |  8.6
Fighting       | 3 4 5 |  5.4
Dodging        | |  1.3
Stealth        | |  0.4

Action                   |  1- 3 |  4- 6 |  7- 9 || total
-------------------------+-------+-------+-------++-------
Melee: Unarmed           |   108 |   228 |    60 ||   396
       Kick              |    28 |    56 |    13 ||    97
       Punch             |     1 |     3 |     1 ||     5
 Fire: Shortbow          |     7 |    68 |    32 ||   107
  Use: Potion            |       |     3 |       ||     3
  Eat: Chunk             |     1 |    14 |     1 ||    16
Armor: Leather armour    |    70 |   110 |    28 ||   208
       Skin              |       |     8 |       ||     8
Dodge: Dodged            |    65 |   136 |    25 ||   226
